 Dungeon Crawl Stone Soup version 0.21-a0-538-gd16b88a (webtiles) character file.

531 tidbits the Digger (level 7, -2/51 HPs)
             Began as a Gnoll Earth Elementalist on Dec 15, 2017.
             Was an Initiate of Cheibriados.
             Slain by a bullfrog (5 damage)
             ... on level 6 of the Dungeon.
             The game lasted 00:09:18 (1188 turns).

tidbits the Digger (Gnoll Earth Elementalist)       Turns: 1188, Time: 00:09:18

Health: -2/51      AC:  2    Str: 17    XL:     7   Next: 24%
Magic:  15/15      EV: 21    Int: 20    God:    Cheibriados [......]
Gold:   143        SH:  0    Dex: 21    Spells: 14/17 levels left

rFire    + . .     SeeInvis .   t - +3 flail
rCold    . . .     Gourm    .   (no shield)
rNeg     . . .     Faith    .   c - +0 robe
rPois    .         Spirit   .   (no helmet)
rElec    .         Reflect  .   (no cloak)
rCorr    .         Harm     .   (no gloves)
MR       .....                  (no boots)
Stlth    ++++......             a - amulet of inaccuracy
HPRegen  0.17/turn              o - ring of protection from fire
MPRegen  0.14/turn              (no ring)

@: mighty, agile, hasted, quick
A: distributed training, fangs 1, strong nose
a: Bend Time, Renounce Religion


You were on level 6 of the Dungeon.
You worshipped Cheibriados.
Cheibriados was noncommittal.
You were hungry.

You visited 2 branches of the dungeon, and saw 7 of its levels.

You collected 143 gold pieces.

Inventory:

Hand Weapons
 l - a +0 short sword
 t - a +3 flail (weapon)
 y - a +0 shortbow
Missiles
 m - 33 arrows
Armour
 c - a +0 robe (worn)
 g - a +1 ring mail
Magical Staves
 z - an uncursed staff of fire {unknown}
   (You found it on level 5 of the Dungeon)
Jewellery
 a - an amulet of inaccuracy (around neck)
   (You found it on level 1 of the Dungeon)
 o - a ring of protection from fire (left hand)
   (You found it on level 1 of the Dungeon)
 x - an uncursed ring of ice
   (You found it on level 4 of the Dungeon)
Scrolls
 b - a scroll of teleportation
 f - a scroll of amnesia
 i - a scroll of magic mapping
 j - a scroll of enchant armour
 r - a scroll of remove curse
 w - a scroll of fog {unknown}
 A - a scroll of identify {unknown}
 B - a scroll of immolation
 C - a scroll of blinking {unknown}
Potions
 n - a potion of might
 s - a potion of mutation {unknown}
 v - 2 potions of haste
Books
 e - a book of Geomancy

   Spells                             Type                      Level
   a - Sandblast                      Earth                        1
   b - Passwall                       Transmutation/Earth          2
   c - Stone Arrow                    Conjuration/Earth            3
   d - Petrify                        Transmutation/Earth          4
   e - Lee's Rapid Deconstruction     Earth                        5
Comestibles
 d - 5 bread rations
 p - a royal jelly
 u - a fruit


   Skills:
 + Level 2.3 Fighting
 + Level 2.3 Short Blades
 + Level 2.3 Long Blades
 + Level 2.3 Axes
 + Level 2.3 Maces & Flails
 + Level 2.3 Polearms
 + Level 2.3 Staves
 + Level 2.3 Slings
 + Level 2.3 Bows
 + Level 2.3 Crossbows
 + Level 2.3 Throwing
 + Level 2.3 Armour
 + Level 5.1 Dodging
 + Level 4.8 Stealth
 + Level 2.3 Shields
 + Level 2.3 Unarmed Combat
 + Level 5.5 Spellcasting
 + Level 1.9 Conjurations
 + Level 1.9 Hexes
 + Level 1.9 Charms
 + Level 1.9 Summonings
 + Level 1.9 Necromancy
 + Level 1.9 Translocations
 + Level 2.9 Transmutations
 + Level 1.9 Fire Magic
 + Level 1.9 Ice Magic
 + Level 1.9 Air Magic
 + Level 5.8 Earth Magic
 + Level 1.9 Poison Magic
 + Level 2.5 Invocations
 + Level 2.3 Evocations


You had 14 spell levels left.
You knew the following spells:

 Your Spells              Type           Power        Failure   Level  Hunger
a - Sandblast             Erth           ####..       1%          1    None
w - Passwall              Tmut/Erth      ###.......   2%          2    None


Dungeon Overview and Level Annotations

Branches:
Dungeon (6/15)             Temple (1/1) D:6

Altars:
Ashenzari
Cheibriados
Dithmenos
Elyvilon
Kikubaaqudgha
Qazlal
Ru
Trog
Vehumet
Wu Jian
Xom


Innate Abilities, Weirdness & Mutations

Your experience applies equally to all skills.
You have very sharp teeth.
Your uncanny sense of smell can sniff out nearby items.


Message History

You kill the ogre!
Cheibriados appreciates the change of pace.
You now have no stones remaining.
The orc shouts!
An orc comes into view. It is wielding an enchanted flail.
An orc comes into view. It is wielding a mace.
The orc shouts!
Found a scroll labeled LYPAGUD REBY.
You see here a puce potion.
v - 3 puce potions (gained 1)
The crimson imp shouts!
Press: ? - help, v - describe, . - travel
Here: an orc, wielding an enchanted flail and wearing a chain mail The floor.
As you read the scroll labeled VADDUTERUN, it crumbles to dust.
The creatures around you are filled with an inner flame!
It was a scroll of immolation.
The orc misses you.
Okay, then.
Unknown command.
Okay, then.
Unknown command.
Okay, then.
Unknown command.
As you read the scroll labeled DACEABR QAHEAPT, it crumbles to dust.
You feel strangely unstable.
It was a scroll of teleportation.
The orc barely misses you. The crimson imp closely misses you.
The crimson imp barely misses you.
As you read the scroll labeled FUUTEA XETH, it crumbles to dust.
You assume a fearsome visage.
The orc looks frightened! x3
The crimson imp is unaffected.
It was a scroll of fear.
You hear a distant blaring wail to the north.
The crimson imp closely misses you.
You hear an angry hiss.
You hear a loud, deep croak!
Unknown command.
Your surroundings suddenly seem different.
Found a scroll of teleportation.
A bullfrog comes into view.
Found an arbalest.
You see here a scroll of teleportation.
Casting: Sandblast
Confirm with . or Enter, or press ? or * to list all spells.
Aiming: Sandblast
Press: ? - help, Shift-Dir - straight line, f - bullfrog
Aim: a bullfrog You don't have any stones to cast with.
Casting: Sandblast
Confirm with . or Enter, or press ? or * to list all spells.
Aiming: Sandblast
Press: ? - help, Shift-Dir - straight line, f/p - bullfrog
Aim: a bullfrog You don't have any stones to cast with.
Casting: Sandblast
Confirm with . or Enter, or press ? or * to list all spells.
Aiming: Sandblast
Press: ? - help, Shift-Dir - straight line, f/p - bullfrog
Aim: a bullfrog You don't have any stones to cast with.
Unknown command.
b - a scroll of teleportation The bullfrog closely misses you.
The bullfrog barely misses you.
Wield which item (- for none, * to show all)? (? for menu, Esc to quit)
t - a +3 flail (weapon)
You miss the bullfrog. The bullfrog completely misses you.
The bullfrog hits you.
You barely miss the bullfrog. You bite the bullfrog.
The bullfrog is lightly wounded.
The bullfrog closely misses you. The bullfrog barely misses you.
You closely miss the bullfrog.
The bullfrog is lightly wounded.
The bullfrog closely misses you. The bullfrog hits you.
You hit the bullfrog. You bite the bullfrog.
The bullfrog is lightly wounded.
The bullfrog hits you!
* * * LOW HITPOINT WARNING * * *
The bullfrog barely misses you.
You miss the bullfrog.
The bullfrog is lightly wounded.
The bullfrog hits you.
* * * LOW HITPOINT WARNING * * *
The bullfrog misses you.
You barely miss the bullfrog.
The bullfrog is lightly wounded.
The bullfrog hits you!
* * * LOW HITPOINT WARNING * * *
The bullfrog hits you!
* * * LOW HITPOINT WARNING * * *
It was a potion of might.
You feel very mighty all of a sudden. The bullfrog hits you.
* * * LOW HITPOINT WARNING * * *
It was a potion of haste.
You feel yourself speed up.
Cheibriados forgives your accidental hurry, just this once.
The bullfrog misses you. The bullfrog closely misses you.
You feel agile all of a sudden. The bullfrog completely misses you.
You sock the bullfrog! Your bite misses the bullfrog.
The bullfrog is severely wounded.
The bullfrog hits you.
You die...

####
####...##
#........
#..#
##.##
##.##
#.## #@F#
#.#.#
#....#
##.....
.#.### ∆
.#.# .. .
)# .


You could see a bullfrog.

Vanquished Creatures
  Menkaure (D:5)
  An ogre (D:6)
  2 centaurs (D:5)
  A scorpion (D:6)
  2 iguanas
  A hound skeleton (D:4)
  2 adders
  A dart slug (D:1)
  2 leopard geckos
  5 orcs
  4 bats
  2 giant cockroaches
  3 goblins
  2 hobgoblins (D:1)
  A jackal (D:5)
  2 kobolds (D:2)
  A quokka (D:6)
  A ball python (D:3)
  A frilled lizard (D:3)
  A quokka skeleton (D:4)
  3 rats
39 creatures vanquished.

Notes
Turn   | Place    | Note
-------+----------+-------------------------------------------
     0 | D:1      | tidbits the Gnoll Earth Elementalist began the quest for the Orb.
     0 | D:1      | Reached XP level 1. HP: 13/13 MP: 6/6
   116 | D:2      | Reached skill level 2 in Transmutations
   121 | D:2      | Reached XP level 2. HP: 14/19 MP: 3/7
   126 | D:2      | Learned a level 2 spell: Passwall
   214 | D:2      | You fall through a shaft for 2 floors!
   229 | D:4      | Reached XP level 3. HP: 25/25 MP: 5/9
   282 | D:2      | Reached skill level 5 in Spellcasting
   466 | D:1      | Reached skill level 1 in Invocations
   633 | D:3      | Reached skill level 1 in Fighting
   633 | D:3      | Reached skill level 1 in Short Blades
   633 | D:3      | Reached skill level 1 in Long Blades
   633 | D:3      | Reached skill level 1 in Axes
   633 | D:3      | Reached skill level 1 in Maces & Flails
   633 | D:3      | Reached skill level 1 in Polearms
   633 | D:3      | Reached skill level 1 in Staves
   633 | D:3      | Reached skill level 1 in Slings
   633 | D:3      | Reached skill level 1 in Bows
   633 | D:3      | Reached skill level 1 in Crossbows
   633 | D:3      | Reached skill level 1 in Throwing
   633 | D:3      | Reached skill level 1 in Armour
   633 | D:3      | Reached skill level 1 in Shields
   633 | D:3      | Reached skill level 1 in Unarmed Combat
   633 | D:3      | Reached skill level 1 in Evocations
   687 | D:3      | Reached XP level 4. HP: 31/32 MP: 3/11
   745 | D:4      | Reached skill level 1 in Conjurations
   745 | D:4      | Reached skill level 1 in Hexes
   745 | D:4      | Reached skill level 1 in Charms
   745 | D:4      | Reached skill level 1 in Summonings
   745 | D:4      | Reached skill level 1 in Necromancy
   745 | D:4      | Reached skill level 1 in Translocations
   745 | D:4      | Reached skill level 1 in Fire Magic
   745 | D:4      | Reached skill level 1 in Ice Magic
   745 | D:4      | Reached skill level 1 in Air Magic
   745 | D:4      | Reached skill level 1 in Poison Magic
   781 | D:3      | Reached XP level 5. HP: 13/37 MP: 4/12
   868 | D:5      | Entered Level 5 of the Dungeon
   871 | D:5      | Noticed a centaur
   881 | D:5      | Killed a centaur
   955 | D:5      | Noticed Menkaure
   958 | D:5      | Noticed a centaur
   964 | D:5      | Killed Menkaure
   964 | D:5      | Reached skill level 2 in Fighting
   964 | D:5      | Reached skill level 2 in Short Blades
   964 | D:5      | Reached skill level 2 in Long Blades
   964 | D:5      | Reached skill level 2 in Axes
   964 | D:5      | Reached skill level 2 in Maces & Flails
   964 | D:5      | Reached skill level 2 in Polearms
   964 | D:5      | Reached skill level 2 in Staves
   964 | D:5      | Reached skill level 2 in Slings
   964 | D:5      | Reached skill level 2 in Bows
   964 | D:5      | Reached skill level 2 in Crossbows
   964 | D:5      | Reached skill level 2 in Throwing
   964 | D:5      | Reached skill level 2 in Armour
   964 | D:5      | Reached skill level 5 in Dodging
   964 | D:5      | Reached skill level 2 in Shields
   964 | D:5      | Reached skill level 2 in Unarmed Combat
   964 | D:5      | Reached skill level 2 in Invocations
   964 | D:5      | Reached skill level 2 in Evocations
   964 | D:5      | Reached XP level 6. HP: 18/44 MP: 11/14
   966 | D:5      | HP: 4/44 [centaur/arrow (6)]
  1004 | D:5      | Found a shimmering altar of Xom.
  1005 | D:5      | Found a shadowy altar of Dithmenos.
  1067 | D:6      | Found a staircase to the Ecumenical Temple.
  1076 | D:6      | Reached XP level 7. HP: 17/50 MP: 8/15
  1079 | Temple   | Entered the Ecumenical Temple
  1111 | Temple   | Became a worshipper of Cheibriados the Contemplative
  1184 | D:6      | HP: 5/51 [bullfrog (8)]
  1185 | D:6      | HP: 2/51 [bullfrog (3)]
  1188 | D:6      | Slain by a bullfrog

Vault maps used:
D:1:      dpeg_arrival_solitude
D:2:      fedhas_altar_3
D:4:      first_bread
D:5:      gammafunk_temple_overflow_statue, uniq_sigmund, uniq_menkaure
D:6:      nicolae_overflow_quartered_altars,
          minmay_temple_entry_statues_pillars, uniq_duvessa
Temple:   nicolae_temple_elliptical

Skill      XL: |  1  2  3  4  5 |
---------------+----------------+-----
Transmutations | 2 |  2.9
Spellcasting   | 5 |  5.5
Invocations    | 1 2 |  2.5
Fighting       | 1 2 |  2.3
Short Blades   | 1 2 |  2.3
Long Blades    | 1 2 |  2.3
Axes           | 1 2 |  2.3
Maces & Flails | 1 2 |  2.3
Polearms       | 1 2 |  2.3
Staves         | 1 2 |  2.3
Slings         | 1 2 |  2.3
Bows           | 1 2 |  2.3
Crossbows      | 1 2 |  2.3
Throwing       | 1 2 |  2.3
Armour         | 1 2 |  2.3
Shields        | 1 2 |  2.3
Unarmed Combat | 1 2 |  2.3
Evocations     | 1 2 |  2.3
Conjurations   | 1 |  1.9
Hexes          | 1 |  1.9
Charms         | 1 |  1.9
Summonings     | 1 |  1.9
Necromancy     | 1 |  1.9
Translocations | 1 |  1.9
Fire Magic     | 1 |  1.9
Ice Magic      | 1 |  1.9
Air Magic      | 1 |  1.9
Poison Magic   | 1 |  1.9
Dodging        | 5 |  5.1
Stealth        | |  4.8
Earth Magic    | |  5.8

Action                   |  1- 3 |  4- 6 |  7- 9 || total
-------------------------+-------+-------+-------++-------
Melee: Short sword       |     9 |     3 |       ||    12
       Bite              |     1 |       |     2 ||     3
       Flail             |       |       |     7 ||     7
 Cast: Sandblast         |    33 |    28 |     4 ||    65
       Passwall          |     5 |     4 |       ||     9
  Use: Scroll            |     1 |     3 |     4 ||     8
       Potion            |       |     1 |     3 ||     4
 Stab: Sleeping          |     3 |     3 |       ||     6
Armor: Robe              |     7 |     3 |       ||    10
Dodge: Dodged            |     7 |    12 |    16 ||    35

Table legend:
 A = Spawn XP
 B = Non-spawn XP
 C = Spawn XP percentage of total XP
 D = Spawn monster count
 E = Non-spawn monster count
 F = Spawn count percentage of total count
 G = Total turns spent on level
                    A         B        C        D         E        F      G
               +---------+---------+-------+---------+---------+-------+---------
         Total |       0 |     759 |   0.0 |       0 |      39 |   0.0 |  1188
               +---------+---------+-------+---------+---------+-------+---------
           D:1 |       0 |      15 |   0.0 |       0 |       8 |   0.0 |   218
           D:2 |       0 |      27 |   0.0 |       0 |       8 |   0.0 |   296
           D:3 |       0 |      57 |   0.0 |       0 |      11 |   0.0 |   208
           D:4 |       0 |      75 |   0.0 |       0 |       5 |   0.0 |   148
           D:5 |       0 |     395 |   0.0 |       0 |       4 |   0.0 |   193
           D:6 |       0 |     190 |   0.0 |       0 |       3 |   0.0 |    68
               +---------+---------+-------+---------+---------+-------+---------

Table legend:
 A = Turns spent in this place as a percentage of turns spent in the entire game.
 B = Non-inter-level travel turns spent in this place as a percentage of non-inter-level travel turns spent in the entire game.
 C = Inter-level travel turns spent in this place as a percentage of turns spent in this place.
 D = Turns resting spent in this place as a percentage of non-inter-level travel turns spent in this place.
 E = Turns spent auto-exploring this place as a percentage of non-inter-level travel turns spent in this place.
 F = Non-inter-level travel turns spent in this place divided by the number of levels of this place that you've seen.
                   A       B       C       D       E      F
               +-------+-------+-------+-------+-------+----------------------
         Total | 100.0 | 100.0 |   3.0 |   0.0 |   0.0 | 164.6
       Dungeon |  95.2 |  97.0 |   1.2 |   0.0 |   0.0 | 186.2
        Temple |   4.8 |   3.0 |  38.6 |   0.0 |   0.0 |  35.0
               +-------+-------+-------+-------+-------+----------------------

Table legend:
 A = Kills in this place as a percentage of kills in entire the game.
 B = Kills by you in this place as a percentage of kills by you in the entire game.
 C = Kills by friends in this place as a percentage of kills by friends in the entire game.
 D = Other kills in this place as a percentage of other kills in the entire game.
 E = Experience gained in this place as a percentage of experience gained in the entire game.
 F = Experience gained in this place divided by the number of levels of this place that you have seen.
                   A       B       C       D       E      F
               +-------+-------+-------+-------+-------+----------------------
         Total | 100.0 | 100.0 |   N/A |   N/A | 100.0 | 108.4
       Dungeon | 100.0 | 100.0 |   N/A |   N/A | 100.0 | 126.5
               +-------+-------+-------+-------+-------+----------------------

Vault maps used:
D:1:      dpeg_arrival_solitude
D:2:      fedhas_altar_3
D:4:      first_bread
D:5:      gammafunk_temple_overflow_statue, uniq_sigmund, uniq_menkaure
D:6:      nicolae_overflow_quartered_altars,
          minmay_temple_entry_statues_pillars, uniq_duvessa
Temple:   nicolae_temple_elliptical
